 Dungeon Crawl Stone Soup version 0.29-a0-321-gf1c400731a (webtiles) character file.

Game seed: 4289823852534245396

29 zishaf the Sneak (level 3, 0/19 HPs)
             Began as a Vine Stalker Brigand on Apr 4, 2022.
             Succumbed to an adder's poison
             ... on level 2 of the Dungeon.
             The game lasted 00:01:35 (1513 turns).

zishaf the Sneak (Vine Stalker Brigand)             Turns: 1513, Time: 00:01:35

Health: 0/19       AC:  4    Str: 15    XL:     3   Next: 16%
Magic:  2/4        EV: 11    Int: 11    God:
Gold:   92         SH:  0    Dex: 15    Spells: 2/2 levels left

rFire   . . .      SeeInvis .   a - +2 dagger
rCold   . . .      Faith    .   (no shield)
rNeg    . . .      Spirit   +   b - +0 robe
rPois   .          Reflect  .   (no helmet)
rElec   .          Harm     .   c - +0 cloak
rCorr   .          Rampage  .   q - +0 pair of gloves
Will    .....                   (no boots)
Stlth   +++.......              (no amulet)
HPRegen 0.06/turn               (no ring)
MPRegen 0.09/turn               (no ring)

@: brilliant, lethally poisoned (0 -> -4)
A: fangs 2, magic shield, antimagic bite, no potion heal 2
a: no special abilities


You were on level 2 of the Dungeon.
You visited 1 branch of the dungeon, and saw 2 of its levels.

You collected 92 gold pieces.

Inventory:

Hand Weapons
 a - a +2 dagger (weapon)
Missiles
 d - 16 poisoned darts (quivered)
 e - 3 curare-tipped darts
Armour
 b - a +0 robe (worn)
 c - a +0 cloak (worn)
 q - a +0 pair of gloves (worn)
Scrolls
 f - a scroll of immolation {unknown}
 g - 2 scrolls of teleportation {unknown}
 h - a scroll of acquirement {unknown}
 i - 3 scrolls of identify {unknown}
 l - a scroll of blinking {unknown}
 n - 3 scrolls of noise {unknown}
 o - a scroll of fog {unknown}
 p - a scroll of torment {unknown}
Potions
 j - 2 potions of curing
 m - a potion of brilliance


   Skills:
 + Level 2.3 Fighting
 + Level 2.2 Short Blades
 - Level 1.7 Throwing
 - Level 0.7 Dodging
 + Level 5.3 Stealth


You had 2 spell levels left.
You didn't know any spells.
Your spell library was empty.

Dungeon Overview and Level Annotations

Branches:
Dungeon (2/15)

Altars:


Innate Abilities, Weirdness & Mutations

You have extremely sharp teeth.
When hurt, damage is shared between your health and your magic reserves.
Your bite disrupts and absorbs the magic of your enemies.
Potions cannot restore your health.


Message History

You hit the adder. Your bite misses the adder.
The adder is lightly wounded.
The adder bites you.
A rat comes into view.
The endoplasm hits you.
You hit the adder but do no damage.
The adder is lightly wounded.
The adder bites you.
You closely miss the adder. Your bite misses the adder.
The adder is lightly wounded.
The endoplasm barely misses you. The adder bites you.
You are poisoned.
The adder poisons you!
You hit the adder.
The adder is moderately wounded.
You feel sick. The adder bites you.
The endoplasm hits you but does no damage.
You feel sick. The adder barely misses you. The adder bites you.
* * * LOW HITPOINT WARNING * * *
The adder attacks as you move away! The adder misses you.
You feel sick. The adder attacks as you move away!
The adder bites you but does no damage.
You feel sick.
You are no longer poisoned.
The adder barely misses you.
It was a potion of curing.
That felt strangely inert.
The adder barely misses you.
It was a potion of heal wounds.
That seemed strangely inert.
The adder barely misses you.
It was a potion of brilliance.
You feel clever all of a sudden. The adder closely misses you.
The adder completely misses you.
You hit the adder.
The adder is moderately wounded.
The adder bites you.
* * * LOW HITPOINT WARNING * * *
You are lethally poisoned!
The adder poisons you!
You hit the adder.
The adder is severely wounded.
You die...

#...........# ....
#...........# #.....
#...........# ...$..
#...........# (...$######
#...........# ..........#
#...........# #.......#
#...........#
####......J###...........#
.........rSS@'...........#
........######...........#
........# #..........[#
........# #............
........# #####.##.
........# .# ...###### #
###


You could see 2 adders, an endoplasm and a rat.

Vanquished Creatures
  A dart slug (D:1)
  2 bats
  An endoplasm (D:2)
  5 goblins
  5 hobgoblins
  A quokka (D:1)
  3 ball pythons
  3 frilled lizards
  5 rats
26 creatures vanquished.

Notes
Turn   | Place    | Note
-------+----------+-------------------------------------------
     0 | D:1      | zishaf the Vine Stalker Brigand began the quest for the
                  | Orb.
     0 | D:1      | Reached XP level 1. HP: 11/11 MP: 2/2
    47 | D:1      | Found a faded altar of an unknown god.
   128 | D:1      | Reached skill level 5 in Stealth
   304 | D:1      | Reached XP level 2. HP: 11/15 MP: 1/3
  1279 | D:2      | Reached XP level 3. HP: 18/18 MP: 4/4
  1513 | D:2      | Succumbed to an adder's poison

Illustrated notes

Levels and vault maps discovered:
D:1:      spicycebolla_arrival_xxxplode, layout_basic, basic_ecumenical_altar,
          palyth_stone_intersect
D:2:      layout_basic, minmay_nonomino_d4

Skill      XL: |  1 |
---------------+----+-----
Fighting       | 2 |  2.3
Stealth        | 5 |  5.3
Short Blades   | 2 |  2.2
Throwing       | |  1.7
Dodging        | |  0.7

Action                   || total
-------------------------++-------
Melee: Dagger            ||    62
       Bite              ||     6
  Use: Potion            ||     3
 Stab: Sleeping          ||     7
Armor: Robe              ||    12
Dodge: Dodged            ||    28

Table legend: (Time is in decaauts)
 A = Elapsed time spent in this place.
 B = Non-inter-level travel time spent in this place.
 C = Inter-level travel time spent in this place.
 D = Time resting spent in this place.
 E = Time spent auto-exploring this place.
 F = Levels seen in this place.
 G = Mean time per level.
                   A        B        C        D        E       F      G
               +--------+--------+--------+--------+--------+-----+--------+
         Total |   1506 |   1476 |     30 |      0 |   1265 |   2 |  753.0 |
       Dungeon |   1506 |   1476 |     30 |      0 |   1265 |   2 |  753.0 |
               +--------+--------+--------+--------+--------+-----+--------+

Top non-repeatable levels by time:
     D:1: 1110 daAuts
     D:2: 396 daAuts
